 Dungeon Crawl Stone Soup version 0.30-a0-557-ge2afbf3030 (webtiles) character file.

Game seed: 17611905803006912521

59 cforsyth the Conjurer (level 3, -2/26 HPs)
             Began as a Draconian Conjurer on Dec 28, 2022.
             Killed from afar by an orc wizard (5 damage)
             ... with a magic dart
             ... on level 2 of the Dungeon.
             The game lasted 00:03:27 (2368 turns).

cforsyth the Conjurer (Draconian Conjurer)          Turns: 2368, Time: 00:03:27

Health: -2/26      AC:  5    Str:  9    XL:     3   Next: 78%
Magic:  7/7        EV: 12    Int: 20    God:
Gold:   167        SH:  0    Dex:  9    Spells: 7/8 levels left

rFire   + . .      SeeInvis .    (no weapon)
rCold   . . .      Faith    .    (no shield)
rNeg    + . .      Spirit   .    (body armour unavailable)
rPois   .          Reflect  .    (helmet restricted)
rElec   .          Harm     .    (no cloak)
rCorr   .          Rampage  .    (no gloves)
Will    .....                    (no boots)
Stlth   ++                       (no amulet)
HPRegen 0.24/turn                c - ring of protection from fire
MPRegen 0.10/turn                g - ring of positive energy

@: no status effects
A: AC +5, unfitting armour, cold-blooded
a: no special abilities


You were on level 2 of the Dungeon.
You visited 1 branch of the dungeon, and saw 3 of its levels.

You collected 167 gold pieces.

Inventory:

Jewellery
 c - a ring of protection from fire (left hand)
 g - a ring of positive energy (right hand)
 j - a ring of poison resistance
Scrolls
 b - 3 scrolls of magic mapping {unknown}
 d - a scroll of acquirement {unknown}
 f - a scroll of brand weapon {unknown}
 h - 2 scrolls of torment {unknown}
 i - a scroll of amnesia {unknown}
 k - 2 scrolls of teleportation {unknown}
Potions
 a - 2 potions of magic
 e - a potion of cancellation


   Skills:
 - Level 1.7 Dodging
 - Level 1.7 Stealth
 + Level 3.1 Spellcasting
 + Level 4.8 Conjurations


You had 7 spell levels left.
You knew the following spells:

 Your Spells              Type           Power      Damage    Failure   Level
a - Magic Dart            Conj           88%        1d7       1%          1

Your spell library contained the following spells:

 Spells                   Type           Power      Damage    Failure   Level
 Searing Ray              Conj           44%        2d6       3%          2
 Momentum Strike          Conj/Tloc      24%        3d8       8%          2
 Dazzling Flash           Conj/Hex       24%        N/A       16%         3
 Blink                    Tloc           6%         N/A       22%         2
 Lesser Beckoning         Tloc           6%         N/A       38%         3
 Fulminant Prism          Conj/Hex       6%         3d7       45%         4
 Iskenderun's Mystic Bla  Conj/Tloc      12%        2d5       45%         4


Dungeon Overview and Level Annotations

Branches:
Dungeon (3/15)

Altars:
Ashenzari
The Shining One

Annotations:
D:2 1 runed translucent door, Crazy Yiuf


Innate Abilities, Weirdness & Mutations

Your plain brown scales are hard. (AC +5)
You cannot fit into any form of body armour.
You are cold-blooded and may be slowed by cold attacks.


Message History

Something hits you.
* * * LOW HITPOINT WARNING * * *
Something hits you but does no damage. Something hits you.
* * * LOW HITPOINT WARNING * * *
It was a potion of curing.
You feel better. Something hits you.
You hear some strange, mumbled words.
Something tries to affect you, but you resist.
Unknown command.
You hear some strange, mumbled words.
You are confused.
Unknown command.
You're too confused to move!
You're too confused to move!
Something completely misses you.
You closely miss something. Something hits you.
You miss something.
Your tail-slap misses something.
You hear some strange, mumbled words.
A puff of flame appears from out of thin air!
The puff of flame hits you. You resist. Something hits you.
* * * LOW HITPOINT WARNING * * *
Okay, then.
You are too confused!
Unknown command.
Unknown command.
Something hits you but does no damage.
You feel less confused.
You completely miss something.
Your tail-slap misses something.
Something hits you but does no damage.
You aren't carrying any items that you can evoke.
Unknown command.
You barely miss something. Something hits you.
* * * LOW HITPOINT WARNING * * *
You miss something. Something hits you but does no damage.
You hit something but do no damage.
Your tail-slap misses something.
You hear some strange, mumbled words.
A magic dart appears from out of thin air!
The magic dart hits you.
You die...

.......##...........#.#...#
........#......>...######.#
......#.#..........# #.#
......#..####.###### ##.#
#.#.####.###..##########..#
..#.# #.................##
.##.# ##.............#####
###.# #.........{.....# #.#
#.........@.....# #.#
#...............# #.#
#...............# #.#
#...............# #.#
#...............#
#.###..............##
#.#...#.....#.....##
#.#.#####.#.####### ###...#
#...#


There were no monsters in sight!

Vanquished Creatures
  A gnoll (D:1)
  An adder (D:3)
  5 ball pythons
  3 endoplasms
  2 giant cockroaches (D:1)
  3 goblins
  6 hobgoblins
  A quokka (D:1)
  8 bats
  4 frilled lizards
  8 rats
42 creatures vanquished.

Vanquished Creatures (others)
  3 plants (D:1)
  5 toadstools (D:1)
8 creatures vanquished.

Grand Total: 50 creatures vanquished

Notes
Turn   | Place    | Note
-------+----------+-------------------------------------------
     0 | D:1      | cforsyth the Draconian Conjurer began the quest for the
                  | Orb.
     0 | D:1      | Reached XP level 1. HP: 14/14 MP: 3/3
   288 | D:1      | Reached XP level 2. HP: 20/20 MP: 3/5
   941 | D:1      | Reached XP level 3. HP: 26/26 MP: 4/7
  1742 | D:2      | Found a faded altar of an unknown god.
  1848 | D:2      | Found a glowing golden altar of the Shining One.
  1978 | D:2      | Found a runed translucent door.
  1979 | D:2      | Noticed Crazy Yiuf
  2232 | D:3      | Found a broken altar of Ashenzari.
  2368 | D:2      | Killed from afar by an orc wizard

Illustrated notes

Levels and vault maps discovered:
D:1:      ldierk_walled_garden, layout_basic
D:2:      layout_rooms, dreamdust_ecumenical_altar_angels_and_demons,
          basic_altar, minmay_tromino_v4_b, uniq_crazy_yiuf_cottage
D:3:      minmay_angry_zag, layout_loops_ring, lemuel_tele_altar,
          serial_bayou_pond_b, chequers_hall_statues_wall_a,
          minmay_misc_feat_pillars, minmay_cupped

Skill      XL: |  1  2  3 |
---------------+----------+-----
Spellcasting   | 3 |  3.1
Dodging        | |  1.7
Stealth        | |  1.7
Conjurations   | |  4.8

Action                   || total
-------------------------++-------
Melee: Unarmed           ||    44
       Tailslap          ||     2
 Cast: Magic Dart        ||    81
  Use: Scroll            ||     2
       Potion            ||     1
Armor: Skin              ||    24
Dodge: Dodged            ||    27

Table legend: (Time is in decaauts)
 A = Elapsed time spent in this place.
 B = Non-inter-level travel time spent in this place.
 C = Inter-level travel time spent in this place.
 D = Time resting spent in this place.
 E = Time spent auto-exploring this place.
 F = Levels seen in this place.
 G = Mean time per level.
                   A        B        C        D        E       F      G
               +--------+--------+--------+--------+--------+-----+--------+
         Total |   2368 |   2310 |     58 |      0 |   1954 |   3 |  789.3 |
       Dungeon |   2368 |   2310 |     58 |      0 |   1954 |   3 |  789.3 |
               +--------+--------+--------+--------+--------+-----+--------+

Top non-repeatable levels by time:
     D:1: 1361 daAuts
     D:2: 729 daAuts
     D:3: 277 daAuts
